 Dungeon Crawl Stone Soup version 0.16.2-12-gd0ad4c3 (webtiles) character file.

20571 faibistes the Thaumaturge (level 12, -4/66 HPs)
             Began as a Deep Elf Wizard on Sept 26, 2018.
             Was an Elder of Sif Muna.
             Killed from afar by a molten gargoyle (9 damage)
             ... with a bolt of magma
             ... on level 5 of the Lair of Beasts.
             The game lasted 01:01:29 (20727 turns).

faibistes the Thaumaturge (Deep Elf Wizard)        Turns: 20727, Time: 01:01:29

Health: -4/66      AC:  7    Str:  4    XL:     12   Next: 46%
Magic:  21/35      EV: 16    Int: 31    God:    Sif Muna [****..]
Gold:   675        SH:  0    Dex: 13    Spells: 9 memorised, 4 levels left

rFire  + . .     SeeInvis +     z - +5 falchion (holy)
rCold  + . .     Clarity  .     a - +0 robe
rNeg   . . .     SustAb   .     (no shield)
rPois  +         Gourm    .     L - +1 helmet {SInv}
rElec  +         Spirit   .     C - +1 cloak
rCorr  +         Warding  .     (no gloves)
rMut   .         Stasis   .     D - +0 pair of boots
MR     ++...                    (no amulet)
Stlth  ++........               (no ring)
                                c - ring of protection from magic

@: resistant, repel missiles, very resistant to hostile enchantments, unstealthy
A: clever 1
a: Channel Energy, Forget Spell, Renounce Religion


You were on level 5 of the Lair of Beasts.
You worshipped Sif Muna.
Sif Muna was greatly pleased with you.
You were not hungry.

You visited 3 branches of the dungeon, and saw 17 of its levels.

You collected 675 gold pieces.

Inventory:

Hand weapons
 e - a +0 short sword
 w - the +8 whip "Jeixtuo" {slash, rF- MP+9 Str+6 Int+4}
   (You took it off a kobold on level 6 of the Dungeon)

   It inflicts extra damage upon your enemies.
   It affects your strength (+6).
   It affects your intelligence (+4).
   It makes you vulnerable to fire.
   It affects your magic capacity (+9).
 x - a +2 dagger of flaming
 z - a +5 falchion of holy wrath (weapon)
 B - a +1 dagger of venom
 M - a +2 spear of flaming
Armour
 a - a +0 robe (worn)
 C - a +1 cloak (worn)
 D - a +0 pair of boots (worn)
 L - a +1 helmet of see invisible (worn)
Magical staves
 K - an uncursed staff of energy
Jewellery
 c - a ring of protection from magic (left hand)
Magical devices
 t - a wand of frost (18)
 u - a wand of flame (0)
 y - a wand of polymorph (5)
 G - a wand of confusion (0)
 H - a wand of magic darts (25)
Scrolls
 i - 5 scrolls of remove curse
 r - a scroll of fog
 v - 2 scrolls of identify
 F - 3 scrolls of magic mapping
Potions
 f - a potion of berserk rage
 g - 2 potions of restore abilities
 k - 2 potions of agility
 l - a potion of might
 n - 2 potions of flight
 E - a potion of ambrosia
Books
 o - a book of Beasts

   Spells                             Type                      Level
   a - Summon Butterflies             Summoning                    1
   b - Call Canine Familiar           Summoning                    3
   c - Summon Ice Beast               Ice/Summoning                4
   d - Summon Mana Viper              Hexes/Summoning              5
   e - Monstrous Menagerie            Summoning                    6
   f - Summon Hydra                   Summoning                    7
 p - Sif Muna's Compendium of Burning Moulding
   (Sif Muna gifted it to you on level 3 of the Lair of Beasts)

   Spells                             Type                      Level
   a - Beastly Appendage              Transmutation                1
   b - Passwall                       Transmutation/Earth          3
   c - Fireball                       Conjuration/Fire             5
   d - Ignite Poison                  Fire/Transmutation           5
   e - Blade Hands                    Transmutation                5
Comestibles
 d - 7 bread rations
 h - 26 fruits
 j - a meat ration
 m - 6 beef jerkies
 q - 3 slices of pizza


   Skills:
 + Level 4.0 Fighting
 + Level 8.2 Dodging
 - Level 2.4 Stealth
 * Level 12.1 Spellcasting
 + Level 7.9 Conjurations
 + Level 6.7 Charms
 - Level 6.1 Summonings
 + Level 5.1 Translocations
 - Level 3.9 Transmutations
 * Level 6.5 Fire Magic
 - Level 3.4 Air Magic
 * Level 6.6 Earth Magic
 - Level 2.5 Poison Magic
 * Level 7.0 Invocations
 + Level 4.7 Evocations


You had 4 spell levels left.
You knew the following spells:

 Your Spells              Type           Power        Failure   Level  Hunger
a - Magic Dart            Conj           ####         1%          1    None
b - Conjure Flame         Conj/Fire      ######..     1%          3    None
c - Summon Forest         Summ/Tloc      ######....   10%         5    ##.....
d - Blink                 Tloc           N/A          1%          2    None
e - Mephitic Cloud        Conj/Pois/Air  #####...     1%          3    None
f - Repel Missiles        Chrm/Air       ######       1%          2    None
i - Ignite Poison         Fire/Trmt      ######....   12%         5    ##.....
l - Lee's Rapid Deconstr  Erth           ######....   6%          5    ##.....
z - Fireball              Conj/Fire      ######....   4%          5    ##.....


Dungeon Overview and Level Annotations

Branches:
Dungeon (10/15)            Temple (1/1) D:5            Lair (6/8) D:8
 Shoals (0/5) Lair:4       Spider (0/5) Lair:4
  Slime: Lair:6-8       Orc: D:9-12

Altars:
Ashenzari
Cheibriados
Dithmenos
Elyvilon
Fedhas
Gozag
Kikubaaqudgha
Makhleb
Nemelex Xobeh
Okawaru
Qazlal
Ru
Sif Muna
Trog
Vehumet
Xom
Yredelemnul
Zin
The Shining One

Shops:
D:8 (

Annotations:
D:8 exclusion: 2 oklob saplings


Innate Abilities, Weirdness & Mutations

Your mind is acute. (Int +2)


Message History

Casting: Blink
Confirm with . or Enter, or press ? or * to list all spells.
You blink.
Drink which item? (? for menu, Esc to quit)
You feel better.
Your dryad hits you.
* * * LOW HITPOINT WARNING * * *
Evoke which item? (* to show all) (? for menu, Esc to quit)
Okay, then.
The molten gargoyle blasts magma at you!
The bolt of magma is repelled.
The tree burns like a torch!
Space becomes stable.
Your dryad disappears in a puff of smoke!
Read which item? (? for menu, Esc to quit)
Okay, then.
Read which item? (? for menu, Esc to quit)
Okay, then.
There is an escape hatch in the ceiling here.
The molten gargoyle blasts magma at you!
The bolt of magma hits you! You partially resist.
You die...

.........................
......)..÷.PP.........#...
.###..........§§§........
#..........§§§........
#.##..P....§§§........ ##
##....9#.......#...
#.#PP...##...........
...###..........<......♣.
#..P..@................
.........................
......##.##.P...........
...### ##.###...........
.. ## #P>.........
###P.#..##.# ###.### ## ##


You could see a molten gargoyle.

Vanquished Creatures
  3 hydras
  Pikel (D:7)
  A manticore (Lair:4)
  A griffon (Lair:3)
  Maurice (D:8)
  A black mamba (Lair:5)
  A centaur skeleton (D:10)
  2 spiny frogs
  3 komodo dragons
  2 basilisks (Lair:3)
  A deep elf mage (D:9)
  A spriggan (Lair:1)
  4 wandering mushrooms (D:8)
  17 yaks
  Eustachio (D:8)
  5 hippogriffs
  7 wolves
  10 porcupines
  8 water moccasins
  8 spiders
  2 orc warriors
  5 ogres
  3 slaves (D:7)
  2 black bears
  A phantom (D:9)
  2 sky beasts
  10 crocodiles
  6 centaurs
  Sigmund (D:5)
  Duvessa (D:6)
  A big kobold (D:9)
  2 gnoll sergeants (D:9)
  13 giant frogs
  A wyvern skeleton (D:7)
  2 scorpions
  An electric eel (Lair:6)
  Dowan (D:6)
  2 crimson imps
  8 hounds
  3 goliath beetles
  4 jellies
  5 orc priests
  10 orc wizards
  8 worker ants
  Natasha (thrice) (D:5)
  6 iguanas
  6 sheep (Lair:4)
  Ijyb (D:5)
  2 hound skeletons
  11 gnolls
  8 adders
  36 river rats
  4 shadow imps
  4 worms
  An adder skeleton (D:6)
  11 giant geckos
  2 oozes
  29 orcs
  A ball python (D:1)
  A bat skeleton (D:4)
  A bat zombie (D:6)
  5 giant cockroaches
  12 hobgoblins
  12 quokkas
  8 bats
  A giant cockroach zombie (D:5)
  A giant gecko skeleton (D:7)
  3 giant newts
  A giant spore (D:9)
  7 goblins
  3 jackals (D:9)
  26 kobolds
  A quokka skeleton (D:3)
  20 rats
  4 ballistomycetes (D:9)
  3 fungi
406 creatures vanquished.

Vanquished Creatures (collateral kills)
  4 spiny frogs
  5 blink frogs (Lair:1)
  2 wolves (Lair:1)
  4 water moccasins
  A wasp (Lair:1)
  A giant frog (Lair:1)
  15 river rats
  2 orcs (D:2)
  3 jackals (D:1)
  2 bushes (Lair:1)
  3 fungi
  7 plants
49 creatures vanquished.

Vanquished Creatures (others)
  A dryad (Lair:2)
  An orc priest (D:7)
  A gnoll (D:9)
  A white imp (D:3)
  A kobold (D:9)
  A rat (D:7)
  A ballistomycete (D:9)
  10 fungi
  4 plants
  A snaplasher vine (Lair:3)
  1130 snaplasher vine segments
1152 creatures vanquished.

Grand Total: 1607 creatures vanquished

Notes
Turn   | Place    | Note
--------------------------------------------------------------
     0 | D:1      | faibistes, the Deep Elf Wizard, began the quest for the Orb.
     0 | D:1      | Reached XP level 1. HP: 10/10 MP: 6/6
   506 | D:1      | Reached XP level 2. HP: 12/15 MP: 0/10
   510 | D:1      | Learned a level 2 spell: Blink
   513 | D:1      | Learned a level 2 spell: Call Imp
  1012 | D:1      | Reached skill level 5 in Spellcasting
  1410 | D:1      | You fall through a shaft!
  1592 | D:2      | Reached XP level 3. HP: 19/19 MP: 6/14
  1605 | D:2      | Learned a level 3 spell: Conjure Flame
  1609 | D:2      | Learned a level 3 spell: Mephitic Cloud
  2213 | D:3      | Learned a level 2 spell: Repel Missiles
  2254 | D:3      | Reached XP level 4. HP: 20/24 MP: 8/17
  2538 | D:3      | Gained mutation: Your mind is acute. (Int +2) [potion of beneficial mutation]
  3257 | D:3      | Reached XP level 5. HP: 28/28 MP: 18/20
  3759 | D:4      | Noticed an ogre
  3770 | D:4      | Reached skill level 6 in Spellcasting
  3773 | D:4      | Killed an ogre
  3816 | D:4      | Reached XP level 6. HP: 32/32 MP: 12/22
  3975 | D:5      | Entered Level 5 of the Dungeon
  4258 | D:4      | Reached skill level 7 in Spellcasting
  4732 | D:5      | Noticed Sigmund
  4743 | D:5      | Killed Sigmund
  4847 | D:5      | Found a staircase to the Ecumenical Temple.
  4872 | D:5      | Noticed Natasha
  4881 | D:5      | Noticed Ijyb
  4881 | D:5      | Killed Natasha
  4881 | D:5      | Reached XP level 7. HP: 24/36 MP: 16/25
  4884 | Temple   | Entered the Ecumenical Temple
  4913 | Temple   | Became a worshipper of Sif Muna the Loreminder
  5153 | D:5      | Killed Ijyb
  5166 | D:5      | Noticed Natasha
  5255 | D:5      | Reached skill level 5 in Dodging
  5255 | D:5      | Reached skill level 1 in Fire Magic
  5373 | D:5      | Killed Natasha
  5391 | D:5      | Noticed Natasha
  5407 | D:5      | Killed Natasha
  5508 | D:5      | Reached skill level 8 in Spellcasting
  5508 | D:5      | Reached skill level 1 in Air Magic
  6100 | D:5      | Reached skill level 1 in Poison Magic
  6102 | D:5      | Found an iron altar of Okawaru.
  6155 | D:5      | Acquired Sif Muna's first power
  6333 | D:5      | Reached XP level 8. HP: 42/42 MP: 13/27
  6827 | D:6      | Reached skill level 5 in Conjurations
  7237 | D:6      | Acquired Sif Muna's second power
  7261 | D:6      | Got a crude whip
  7262 | D:6      | Identified the +8 whip "Jeixtuo" {slash, rF- MP+9 Str+6 Int+4} (You took it off a kobold on level 6 of the Dungeon)
  7655 | D:7      | Noticed Duvessa
  7655 | D:7      | Noticed Dowan
  7698 | D:6      | Killed Duvessa
  7698 | D:6      | Reached skill level 9 in Spellcasting
  7711 | D:6      | Killed Dowan
  7862 | D:6      | Reached XP level 9. HP: 40/46 MP: 29/29
  8206 | D:7      | Reached skill level 1 in Charms
  8287 | D:7      | Reached skill level 1 in Invocations
  8352 | D:7      | Noticed Pikel
  8470 | D:7      | Killed Pikel
  8470 | D:7      | Reached skill level 1 in Fighting
  8470 | D:7      | Reached skill level 1 in Evocations
  8965 | D:7      | Found a shattered altar of Ashenzari.
  9565 | D:8      | Learned a level 2 spell: Stoneskin
  9571 | D:8      | Learned a level 5 spell: Summon Forest
  9634 | D:8      | Found Qurphonk's Antique Weapon Shop.
 10277 | D:8      | Found a blossoming altar of Fedhas.
 10299 | D:8      | Reached skill level 1 in Earth Magic
 10320 | D:8      | Reached skill level 1 in Transmutations
 10506 | D:8      | Found a staircase to the Lair.
 10508 | D:8      | Noticed Eustachio
 10509 | D:8      | Noticed Maurice
 10898 | D:8      | Killed Eustachio
 10898 | D:8      | Reached XP level 10. HP: 51/53 MP: 31/31
 10970 | D:8      | Killed Maurice
 11172 | D:8      | Found a sparkling altar of Nemelex Xobeh.
 11229 | D:8      | Reached skill level 10 in Spellcasting
 11381 | D:9      | Acquired Sif Muna's third power
 11639 | D:9      | Reached skill level 5 in Summonings
 11933 | D:10     | Entered Level 10 of the Dungeon
 12053 | Lair:1   | Entered Level 1 of the Lair of Beasts
 12162 | Lair:1   | Learned a level 5 spell: Lee's Rapid Deconstruction
 12166 | Lair:1   | Learned a level 3 spell: Passwall
 12312 | Lair:1   | Noticed a spriggan rider
 12333 | Lair:1   | Killed a spriggan
 12343 | Lair:1   | Killed a wasp
 13392 | Lair:1   | Reached skill level 5 in Fire Magic
 13959 | Lair:1   | Reached XP level 11. HP: 59/59 MP: 32/32
 14386 | Lair:2   | Reached skill level 5 in Invocations
 14733 | Lair:2   | Noticed an eight-headed hydra
 14777 | Lair:2   | Killed an eight-headed hydra
 15455 | Lair:2   | Reached skill level 11 in Spellcasting
 16226 | Lair:3   | Reached skill level 5 in Charms
 16756 | Lair:3   | Received a gift from Sif Muna
 16758 | Lair:3   | Identified Sif Muna's Compendium of Burning Moulding (Sif Muna gifted it to you on level 3 of the Lair of Beasts)
 16765 | Lair:3   | Learned a level 5 spell: Fireball
 16878 | Lair:4   | Found a staircase to the Shoals.
 16878 | Lair:4   | Found a hole to the Spider Nest.
 16892 | Lair:3   | Reached skill level 5 in Earth Magic
 17116 | Lair:3   | Learned a level 5 spell: Ignite Poison
 17757 | Lair:4   | Reached XP level 12. HP: 56/66 MP: 28/34
 18225 | Lair:3   | Noticed a seven-headed hydra
 18240 | Lair:3   | Killed a seven-headed hydra
 19320 | Lair:6   | Reached skill level 12 in Spellcasting
 19320 | Lair:6   | Reached skill level 5 in Translocations
 19591 | Lair:4   | Noticed a five-headed hydra
 19615 | Lair:4   | Killed a five-headed hydra
 20714 | Lair:5   | HP: 1/66 [molten gargoyle/bolt of magma (20)]
 20727 | Lair:5   | Killed from afar by a molten gargoyle

Action                   |  1- 3 |  4- 6 |  7- 9 | 10-12 || total
-------------------------+-------+-------+-------+-------++-------
Melee: Short sword       |     4 |    10 |       |       ||    14
       Dagger            |       |     9 |    22 |       ||    31
       Whip              |       |       |    87 |   132 ||   219
       Falchion          |       |       |       |     5 ||     5
 Cast: Magic Dart        |   108 |   119 |   355 |   301 ||   883
       Call Imp          |     2 |     5 |       |       ||     7
       Repel Missiles    |     1 |       |     1 |       ||     2
       Mephitic Cloud    |       |    16 |    39 |    28 ||    83
       Conjure Flame     |       |     8 |    53 |    40 ||   101
       Blink             |       |     1 |    12 |    35 ||    48
       Summon Forest     |       |       |       |    18 ||    18
       Fireball          |       |       |       |    74 ||    74
       Ignite Poison     |       |       |       |    15 ||    15
       Lee's Rapid Decon |       |       |       |    16 ||    16
Invok: Channel Energy    |       |       |       |    10 ||    10
       Forget Spell      |       |       |       |     2 ||     2
Evoke: Wand              |       |       |       |     2 ||     2
  Use: Scroll            |     1 |     3 |     9 |    12 ||    25
       Potion            |       |     1 |     1 |     5 ||     7
 Stab: Sleeping          |     1 |       |     1 |     3 ||     5
       Confused          |       |     7 |     1 |     1 ||     9
       Distracted        |       |       |       |     1 ||     1
  Eat: Chunk             |     4 |     8 |    15 |    28 ||    55
       Fruit             |       |       |     4 |     4 ||     8
       Royal jelly       |       |       |       |     1 ||     1
